 Dungeon Sprint DCSS version 0.17-a0-1197-g2d00c63 (webtiles) character file.

604 Kidiri the Covert (level 7, 0/40 HPs)
             Began as a Spriggan Assassin on June 3, 2015.
             Was an Initiate of Dithmenos.
             Slain by Sonja
             ... wielding a +0 dagger of distortion
              (7 damage)
             ... in the Dungeon (Sprint I: "Red Sonja").
             The game lasted 00:02:03 (587 turns).

Kidiri the Covert (Spriggan Assassin)                Turns: 587, Time: 00:02:04

Health: 0/40       AC:  4    Str:  7    XL:     7   Next: 18%
Magic:  9/9        EV: 27    Int: 12    God:    Dithmenos [......]
Gold:   405        SH:  0    Dex: 20    Spells: 0 memorised, 6 levels left

rFire  . . .     SeeInvis +     a - +2 dagger
rCold  . . .     Clarity  .     c - +0 robe
rNeg   . . .     SustAt   .     (shield restricted)
rPois  .         Gourm    .     (helmet restricted)
rElec  .         Spirit   .     n - +1 cloak {MR+}
rCorr  .         Warding  .     (gloves unavailable)
rMut   .         NoTele   +     (boots unavailable)
MR     ++...                    (no amulet)
Stlth  ++++++....               (no ring)
                                (no ring)

@: very quick, very resistant to hostile enchantments, very stealthy
A: unfitting armour, see invisible, herbivore 3, speed 3, slow metabolism 2
a: Renounce Religion


You were in the Dungeon.
You worshipped Dithmenos.
Dithmenos was noncommittal.
You were not hungry.

You visited 1 branch You collected 405 gold pieces.

Inventory:

Hand weapons
 a - a +2 dagger (weapon)
 b - a +0 blowgun
Missiles
 e - 8 poisoned needles
 f - 2 curare-tipped needles
Armour
 c - a +0 robe (worn)
 d - a +0 cloak
 n - a +1 cloak of magic resistance (worn)
Scrolls
 m - a scroll of blinking
Potions
 h - a potion of curing
 i - a potion of heal wounds
 j - a potion of haste
 k - 2 potions of magic
 l - a potion of berserk rage
Comestibles
 g - a bread ration


   Skills:
 * Level 6.0 Fighting
 * Level 7.5 Short Blades
 * Level 7.9 Throwing
 * Level 9.9 Dodging
 * Level 11.9 Stealth
 + Level 1.4 Invocations


You had 6 spell levels left.
You didn't know any spells.

Dungeon Overview and Level Annotations

Branches:
Dungeon (1/1)

Altars:
Cheibriados
Dithmenos
Elyvilon
Fedhas
Gozag
Kikubaaqudgha
Makhleb
Nemelex Xobeh
Okawaru
Qazlal
Ru
Sif Muna
Trog
Vehumet
Xom
Yredelemnul
Zin
The Shining One
Jiyva

Shops:
D (

Annotations:
D Sonja


Innate Abilities, Weirdness & Mutations

You are tiny and cannot use many weapons and most armour.
You have supernaturally acute eyesight.
You are a herbivore.
You cover ground extremely quickly.
You need consume almost no food.


Message History

You miss Sonja.
Sonja unwields an uncursed blowgun.
Sonja wields an uncursed dagger of distortion.
Its appearance distorts for a moment.
Sonja misses you. Sonja completely misses you. x2
You hit Sonja.
Sonja is lightly wounded.
Sonja barely misses you. Sonja misses you. Sonja misses you.
You hit Sonja.
Sonja is lightly wounded.
Sonja barely misses you.
Sonja hits you with an uncursed dagger of distortion.
Space bends around you. Sonja completely misses you.
You barely miss Sonja.
Sonja is lightly wounded.
Sonja hits you with an uncursed dagger of distortion.
Space warps horribly around you!
Ouch! That really hurt!
* * * LOW HITPOINT WARNING * * *
Sonja hits you but does no damage. Space bends around you.
You die...

#..#####'#####'#__####
#..####..#...#.####
#..#__####..##)#
#.)#_..__##'#..+
#⌠⌠#_.∩...'.(._#
####_..._##_.#'#
#_____###'#(#
#########.###


+$@$+ #$K$# ##.## #+# You could see Sonja.

Vanquished Creatures
  A slime creature (D)
  A yak (D)
  Sigmund (D)
  An ogre (D)
  A jelly (D)
  Ijyb (D)
6 creatures vanquished.

Vanquished Creatures (others)
  A gargoyle (D)
1 creature vanquished.

Grand Total: 7 creatures vanquished

Notes
Turn   | Place    | Note
--------------------------------------------------------------
     0 | D        | Kidiri the Spriggan Assassin began the quest for the Orb.
     0 | D        | Reached XP level 1. HP: 10/10 MP: 2/2
     3 | D        | Noticed Ijyb
    15 | D        | Killed Ijyb
    15 | D        | Reached skill level 7 in Stealth
    15 | D        | Reached XP level 2. HP: 13/16 MP: 3/3
    34 | D        | Killed a gargoyle
    72 | D        | Noticed an ogre
    86 | D        | Killed an ogre
    86 | D        | Reached skill level 5 in Dodging
    86 | D        | Reached skill level 8 in Stealth
    86 | D        | Reached XP level 3. HP: 20/20 MP: 4/4
    86 | D        | Reached XP level 4. HP: 24/24 MP: 5/5
   215 | D        | Noticed Sigmund
   218 | D        | Killed Sigmund
   218 | D        | Reached skill level 5 in Short Blades
   218 | D        | Reached skill level 10 in Stealth
   218 | D        | Reached XP level 5. HP: 27/30 MP: 6/6
   231 | D        | Found a snail-covered altar of Cheibriados.
   231 | D        | Found a viscous altar of Jiyva.
   231 | D        | Found a shadowy altar of Dithmenos.
   231 | D        | Found a blossoming altar of Fedhas.
   231 | D        | Noticed a slime creature
   234 | D        | Killed a slime creature
   234 | D        | Reached skill level 5 in Fighting
   234 | D        | Reached skill level 11 in Stealth
   234 | D        | Reached XP level 6. HP: 32/35 MP: 7/7
   236 | D        | Became a worshipper of Dithmenos the Shadowed
   254 | D        | Found a deep blue altar of Sif Muna.
   255 | D        | Noticed a jelly
   256 | D        | Found a radiant altar of Vehumet.
   265 | D        | Killed a jelly
   552 | D        | Found Maufyixo's Weapon Emporium.
   552 | D        | Found a white marble altar of Elyvilon.
   552 | D        | Found a stormy altar of Qazlal.
   552 | D        | Found a burning altar of Makhleb.
   552 | D        | Found a sacrificial altar of Ru.
   552 | D        | Found a basalt altar of Yredelemnul.
   552 | D        | Found a glowing golden altar of the Shining One.
   552 | D        | Found a sparkling altar of Nemelex Xobeh.
   552 | D        | Found a shimmering altar of Xom.
   552 | D        | Found an opulent altar of Gozag.
   552 | D        | Found an ancient bone altar of Kikubaaqudgha.
   552 | D        | Found a glowing silver altar of Zin.
   552 | D        | Noticed a yak
   553 | D        | Found an iron altar of Okawaru.
   554 | D        | Killed a yak
   554 | D        | Reached skill level 1 in Invocations
   554 | D        | Reached XP level 7. HP: 38/40 MP: 7/9
   555 | D        | Found a bloodstained altar of Trog.
   580 | D        | Noticed Sonja
   587 | D        | Slain by Sonja

Vault maps used:
D:        dungeon_sprint_1

Action                   |  1- 3 |  4- 6 |  7- 9 || total
-------------------------+-------+-------+-------++-------
Melee: Dagger            |    10 |    10 |     4 ||    24
 Fire: Blowgun           |     4 |       |       ||     4
 Stab: Sleeping          |     1 |     3 |       ||     4
